 Dungeon Crawl Stone Soup version 0.25-a0-302-g9f758675c1 (webtiles) character file.

Game seed: 4455103823512335206, levelgen mode: deterministic

450 floatRand the Poker (level 7, 0/50 HPs)
             Began as a Merfolk Gladiator on Dec 19, 2019.
             Killed by divine providence
             ... invoked by an orc priest
              (10 damage)
             ... on level 4 of the Dungeon on Dec 20, 2019.
             The game lasted 00:05:26 (4959 turns).

floatRand the Poker (Merfolk Gladiator)             Turns: 4959, Time: 00:05:26

Health: 0/50       AC:  5    Str: 13 (15) XL:     7   Next: 4%
Magic:  7/7        EV: 14    Int: 13 (15) God:
Gold:   165        SH:  0    Dex: 10 (15) Spells: 6/6 levels left

rFire    . . .     SeeInvis .   a - +0 trident
rCold    . . .     Gourm    .   (no shield)
rNeg     . . .     Faith    .   b - +0 leather armour
rPois    .         Spirit   .   c - +0 helmet
rElec    .         Reflect  .   (no cloak)
rCorr    .         Harm     .   (no gloves)
MR       +....                  x - +0 pair of boots
Stlth    ++........             (no amulet)
HPRegen  0.16/turn              l - ring of protection from magic
MPRegen  0.10/turn              y - +6 ring of intelligence

@: no status effects
A: change form in water, swift swim, stealthy swim
a: no special abilities


You were on level 4 of the Dungeon.
You were not hungry.

You visited 1 branch of the dungeon, and saw 4 of its levels.

You collected 255 gold pieces.
You spent 90 gold pieces at shops.

Inventory:

Hand Weapons
 a - a +0 trident (weapon)
Missiles
 d - 3 throwing nets (quivered)
 r - 2 boomerangs of dispersal
Armour
 b - a +0 leather armour (worn)
 c - a +0 helmet (worn)
 x - a +0 pair of boots (worn)
Jewellery
 l - a ring of protection from magic (left hand)
 y - a +6 ring of intelligence (right hand)
Scrolls
 e - a scroll of fog {unknown}
 g - 2 scrolls of blinking {unknown}
 h - a scroll of noise {unknown}
 i - 2 scrolls of random uselessness {unknown}
 j - 6 scrolls of identify {unknown}
 k - 4 scrolls of magic mapping {unknown}
 m - 3 scrolls of remove curse {unknown}
 s - a scroll of immolation {unknown}
 w - a scroll of amnesia {unknown}
Potions
 o - 2 potions of curing
 u - a potion of cancellation
 v - 2 potions of heal wounds
Comestibles
 f - 5 rations
 n - 4 chunks of flesh


   Skills:
 - Level 2.1 Fighting
 + Level 7.4 Polearms
 - Level 2.0 Throwing
 + Level 6.6 Dodging
 + Level 4.6 Stealth


You had 6 spell levels left.
You didn't know any spells.
Your spell library was empty.

Dungeon Overview and Level Annotations

Branches:
Dungeon (4/15)
 Temple: D:4-7

Altars:
Gozag
Trog
Uskayaw
Zin

Annotations:
D:4 Eustachio


Message History

You barely miss the ogre.
The ogre is moderately wounded.
The ogre hits you with a +0 giant spiked club!!
Ouch! That really hurt!
* * * LOW HITPOINT WARNING * * *
You hit the ogre.
The ogre is moderately wounded.
The ogre misses you.
You are too injured to fight recklessly!
You are too injured to fight recklessly!
You are too injured to fight recklessly!
An orc comes into view. It is wielding a +0 hand axe.
An orc comes into view. It is wielding a +0 club.
The orc shouts!
The orc priest misses you.
The orc shouts!
The orc priest casts a cantrip, but nothing happens.
The orc priest mumbles some strange prayers to Beogh against you.
Beogh smites you!
You die...

#.........#............#.. ###
#...###.##..#####..# ## #...#
#.#..........# .
#...###.#.#.####...# #####
#...'.#.#.#.# #...# .....
#####...#.#.#.#.# #...##########
..............#.# #.............
###########.###.#####..##########
####### #.# #.@##........#
#.....# #.# ##.##........#
#.....####.# #O.#........#
#.....')...# ##.#........#
#.....####### #.....o....#
#....[......# ##oo.......#
#...........# #..#......##
#...........# ##.#......'.
#...........# #........#


You could see an ogre, an orc priest and an orc.

Vanquished Creatures
  2 ogres (D:4)
  An orc priest (D:3)
  A bullfrog skeleton (D:4)
  2 iguanas
  2 hound skeletons (D:4)
  7 adders
  An ooze (D:1)
  A worm (D:2)
  4 dart slugs
  8 orcs
  4 bats
  3 giant cockroaches
  6 goblins
  13 hobgoblins
  2 jackals (D:4)
  A ball python (D:1)
  2 frilled lizards (D:1)
  7 kobolds
  8 rats
  A plant (D:1)
76 creatures vanquished.

Notes
Turn   | Place    | Note
-------+----------+-------------------------------------------
     0 | D:1      | floatRand the Merfolk Gladiator began the quest for the
                  | Orb.
     0 | D:1      | Reached XP level 1. HP: 16/16 MP: 1/1
   216 | D:1      | Upgraded the game from 0.25-a0-294-gea9b1ad378 to
                  | 0.25-a0-302-g9f758675c1
   240 | D:1      | Reached skill level 1 in Stealth
   240 | D:1      | Reached XP level 2. HP: 19/22 MP: 2/2
   933 | D:1      | Reached skill level 5 in Polearms
   933 | D:1      | Reached XP level 3. HP: 27/27 MP: 3/3
  1201 | D:2      | Reached XP level 4. HP: 7/33 MP: 4/4
  1478 | D:2      | Found an opulent altar of Gozag.
  1483 | D:2      | Reached skill level 5 in Dodging
  1543 | D:2      | Found a hide-covered altar of Uskayaw.
  1895 | D:2      | You fall into a shaft and drop 2 floors!
  2005 | D:3      | Found Zin's Purification Station.
  2014 | D:3      | Reached XP level 5. HP: 23/38 MP: 5/5
  2141 | D:3      | Found a glowing silver altar of Zin.
  2148 | D:3      | Bought a potion of curing for 90 gold pieces
  2190 | D:3      | Reached skill level 6 in Polearms
  2945 | D:3      | Found a bloodstained altar of Trog.
  3295 | D:4      | Reached XP level 6. HP: 18/44 MP: 6/6
  3825 | D:4      | Noticed Eustachio
  4581 | D:4      | Reached skill level 7 in Polearms
  4840 | D:4      | Reached XP level 7. HP: 39/50 MP: 7/7
  4959 | D:4      | Killed from afar by an orc priest

Levels and vault maps discovered:
D:1:      roderic_crop_circles_arrival_large, layout_loops_ring,
          chequers_serial_rivers_room_b, minmay_statues_item,
          minmay_tetromino_l2
D:2:      layout_loops_ring, nicolae_overflow_hidden_temple,
          nicolae_gozag_cash_rules_everything_around_me, marbit_many_paths,
          first_ration
D:3:      layout_basic, zin_purify, lemuel_round_altar,
          minmay_misc_feat_nine_boxes
D:4:      layout_basic, uniq_eustachio

Skill      XL: |  1  2  3  4  5  6 |
---------------+-------------------+-----
Stealth        | 1 2 3 4 |  4.6
Polearms       | 5 6 7 |  7.4
Dodging        | 5 6 |  6.6
Fighting       | |  2.1
Throwing       | |  2.0

Action                   |  1- 3 |  4- 6 |  7- 9 || total
-------------------------+-------+-------+-------++-------
Melee: Trident           |   124 |   281 |     5 ||   410
  Use: Potion            |       |     5 |       ||     5
       Scroll            |       |     1 |       ||     1
 Stab: Sleeping          |     4 |     7 |       ||    11
  Eat: Chunk             |       |    13 |       ||    13
Armor: Leather armour    |     9 |    68 |       ||    77
       Skin              |       |    11 |       ||    11
Dodge: Dodged            |    46 |   174 |     3 ||   223

Table legend:
 A = Non-vault XP
 B = Vault XP
 C = Vault XP percentage of total XP
 D = Non-vault monster count
 E = Vault monster count
 F = Vault count percentage of total count
                 A         B        C        D         E       F
            +---------+---------+-------+---------+---------+-------
      Total |     639 |       5 |   0.8 |      73 |       2 |   2.7
            +---------+---------+-------+---------+---------+-------
        D:1 |      34 |       4 |  10.5 |      17 |       1 |   5.6
        D:2 |      98 |       1 |   1.0 |      19 |       1 |   5.0
        D:3 |     139 |       0 |   0.0 |      22 |       0 |   0.0
        D:4 |     368 |       0 |   0.0 |      15 |       0 |   0.0
            +---------+---------+-------+---------+---------+-------
